 Dungeon Crawl Stone Soup version 0.22.1-2-g9c5b331 (webtiles) character file.

256 whitewolfNL the Cudgeler (level 5, -4/47 HPs)
             Began as a Minotaur Berserker on Nov 28, 2018.
             Was a Believer of Trog.
             Splashed by a jelly's acid (6 damage)
             ... on level 3 of the Dungeon.
             The game lasted 00:09:54 (2739 turns).

whitewolfNL the Cudgeler (Minotaur Berserker)       Turns: 2739, Time: 00:09:56

Health: -4/47      AC:  1    Str: 22    XL:     5   Next: 92%
Magic:  4/4        EV:  9    Int:  9    God:    Trog [**....]
Gold:   287        SH:  0    Dex:  9    Spells: 4/4 levels left

rFire    . . .     SeeInvis .   o - +0 flail
rCold    . . .     Gourm    .   (no shield)
rNeg     . . .     Faith    .   n - +0 chain mail
rPois    .         Spirit   .   (helmet restricted)
rElec    .         Reflect  .   (no cloak)
rCorr    .         Harm     .   (no gloves)
MR       .....                  (no boots)
Stlth    ..........             (no amulet)
HPRegen  0.15/turn              b - +4 ring of intelligence
MPRegen  0.09/turn              (no ring)

@: corroded
A: retaliatory headbutt, horns 2
a: Berserk, Trog's Hand, Renounce Religion


You were on level 3 of the Dungeon.
You worshipped Trog.
Trog was pleased with you.
You were not hungry.

You visited 1 branch of the dungeon, and saw 3 of its levels.

You collected 287 gold pieces.

Inventory:

Hand Weapons
 o - a +0 flail (weapon)
Missiles
 e - 10 arrows
 k - 38 bolts
Armour
 n - a +0 chain mail (worn)
Jewellery
 b - a +4 ring of intelligence (left hand)
Wands
 h - a wand of polymorph (3)
Scrolls
 d - a scroll of amnesia {unknown}
 g - 2 scrolls of remove curse
 l - a scroll of enchant armour {unknown}
 m - a scroll of magic mapping {unknown}
Potions
 a - 3 potions of degeneration {unknown}
 f - 4 potions of heal wounds {unknown}
 j - 2 potions of curing {unknown}
Comestibles
 c - 13 rations
 i - 3 chunks of flesh


   Skills:
 + Level 4.3 Fighting
 * Level 5.8 Maces & Flails
 * Level 4.2 Armour
 * Level 3.1 Dodging
 * Level 1.4 Stealth


You had 4 spell levels left.
You didn't know any spells.
Your spell library was empty.

Dungeon Overview and Level Annotations

Branches:
Dungeon (3/15)

Altars:
Fedhas
Uskayaw
Vehumet
Xom
Yredelemnul


Innate Abilities, Weirdness & Mutations

You reflexively headbutt those who attack you in melee.
You have a pair of horns on your head.


Message History

You hit the jelly but do no damage. The acid corrodes you!
Your hands burn!
The jelly is severely wounded.
The jelly hits you.
You are splashed with acid!
The acid burns!
* * * LOW HITPOINT WARNING * * *
You hit the jelly.
Your hands burn!
* * * LOW HITPOINT WARNING * * *
The jelly is almost dead.
The jelly closely misses you.
You hit the jelly but do no damage.
Your hands burn!
* * * LOW HITPOINT WARNING * * *
You headbutt the jelly, but do no damage.
The jelly is almost dead.
The jelly misses you.
You hit the jelly but do no damage.
Your hands burn!
* * * LOW HITPOINT WARNING * * *
The jelly is almost dead.
The jelly hits you.
* * * LOW HITPOINT WARNING * * *
The acid corrodes you!
You are splashed with acid!
The acid burns!
You die...

#............# #
#....#
####.####..######
#....# #.(...#
#.##..... #....#
#.##..###.#..._..
#....#
#<.#..#.'.#......
#....#
#..#..#.#.#+##+##
#....#
#..#..#.#.#.##J##
#....#
#######.#.#J##+##+##
#....#
..#..@.......#
#....#
###..........#
#....# #..........#
#....# ############
#....# ######


You could see 2 jellies.

Vanquished Creatures
  An orc priest (D:3)
  Jessica (D:2)
  Ijyb (D:3)
  An orc wizard (D:3)
  4 gnolls (D:2)
  3 adders
  2 oozes
  A worm (D:2)
  2 dart slugs
  A leopard gecko (D:3)
  3 orcs (D:3)
  4 bats
  5 giant cockroaches
  10 goblins
  4 hobgoblins
  3 jackals (D:1)
  12 kobolds
  2 quokkas (D:2)
  A ball python (D:3)
  6 frilled lizards
  6 rats
73 creatures vanquished.

Notes
Turn   | Place    | Note
-------+----------+-------------------------------------------
     0 | D:1      | whitewolfNL the Minotaur Berserker began the quest for the
                  | Orb.
     0 | D:1      | Reached XP level 1. HP: 19/19 MP: 0/0
   282 | D:1      | Reached skill level 4 in Maces & Flails
   282 | D:1      | Reached XP level 2. HP: 16/27 MP: 1/1
   998 | D:2      | Reached XP level 3. HP: 33/33 MP: 2/2
  1289 | D:2      | Reached ** piety under Trog
  1411 | D:2      | Reached XP level 4. HP: 40/40 MP: 3/3
  1420 | D:2      | Reached skill level 5 in Maces & Flails
  1420 | D:2      | Reached skill level 1 in Stealth
  1791 | D:2      | Found a radiant altar of Vehumet.
  1794 | D:2      | Found a blossoming altar of Fedhas.
  1797 | D:2      | Found a basalt altar of Yredelemnul.
  1800 | D:2      | Found a hide-covered altar of Uskayaw.
  1800 | D:2      | Noticed Jessica
  1805 | D:2      | Killed Jessica
  1805 | D:2      | Reached XP level 5. HP: 46/46 MP: 4/4
  2568 | D:3      | Noticed Ijyb
  2573 | D:3      | Killed Ijyb
  2714 | D:3      | Found a shimmering altar of Xom.
  2739 | D:3      | HP: 2/47 [jelly (3)]
  2739 | D:3      | Splashed by a jelly's acid

Skill      XL: |  1  2  3  4  5 |
---------------+----------------+-----
Maces & Flails | 4 5 |  5.8
Fighting       | 4 |  4.3
Armour         | 3 4 |  4.2
Stealth        | 1 |  1.4
Dodging        | 3 |  3.1

Action                   |  1- 3 |  4- 6 || total
-------------------------+-------+-------++-------
Melee: Mace              |    78 |     7 ||    85
       Headbutt          |     8 |     8 ||    16
       Flail             |       |    56 ||    56
Invok: Berserk           |     2 |     4 ||     6
  Use: Scroll            |       |     1 ||     1
  Eat: Chunk             |     2 |     6 ||     8
       Ration            |       |     1 ||     1
Armor: Animal skin       |    10 |       ||    10
       Chain mail        |    35 |    30 ||    65
Dodge: Dodged            |    50 |    37 ||    87
